 Dungeon Crawl Stone Soup version 0.25-a0-860-gf695395b5c (webtiles) character file.

Game seed: 3982290880229423801, levelgen mode: deterministic

3814 KiliKikkendorf the Cleaver (level 10, -4/86 HPs)
             Began as a Hill Orc Gladiator on Apr 29, 2020.
             Was a Believer of Qazlal.
             Slain by a gnoll sergeant
             ... wielding a +0 trident of venom
              (8 damage)
             ... on level 7 of the Dungeon.
             The game lasted 00:25:17 (6746 turns).

KiliKikkendorf the Cleaver (Hill Orc Gladiator)     Turns: 6746, Time: 00:25:17

Health: -4/86      AC: 20    Str: 19 (21) XL:     10   Next: 17%
Magic:  9/19       EV:  7    Int:  5 (8)  God:    Qazlal [**....]
Gold:   353        SH:  3    Dex: 12      Spells: 9/9 levels left

rFire    . . .     SeeInvis +   b - +2 halberd (vamp)
rCold    . . .     Gourm    .   (shield currently unavailable)
rNeg     . . .     Faith    .   j - +0 plate armour
rPois    .         Spirit   .   c - +1 helmet
rElec    .         Reflect  .   y - +0 cloak
rCorr    .         Harm     .   (no gloves)
MR       .....                  (no boots)
Stlth    ..........             w - amulet of rage
HPRegen  0.24/turn              m - ring of see invisible
MPRegen  0.16/turn              k - ring of magical power

@: brilliant, lethally poisoned (-4 -> -17), stab, hasted, very quick
A: fangs 1, hooves 1, molten scales 1
a: Upheaval, Renounce Religion, Evoke Berserk Rage


You were on level 7 of the Dungeon.
You worshipped Qazlal.
Qazlal was pleased with you.
You were not hungry.

You visited 1 branch of the dungeon, and saw 7 of its levels.

You collected 353 gold pieces.

Inventory:

Hand Weapons
 b - a +2 vampiric halberd (weapon)
 q - a +2 antimagic war axe
 t - a +4 mace
Missiles
 d - 3 throwing nets (quivered)
Armour
 c - a +1 helmet (worn)
 j - a +0 plate armour (worn)
 y - a +0 cloak (worn)
Jewellery
 k - a ring of magical power (right hand)
 m - a ring of see invisible (left hand)
 w - an amulet of rage (around neck)
Wands
 a - a wand of digging (4)
 r - a wand of polymorph (4)
 u - a wand of random effects (28)
 v - a wand of clouds (1)
Scrolls
 g - 6 scrolls of identify
 i - 8 scrolls of remove curse
Potions
 h - a potion of flight
 n - 2 potions of brilliance
Comestibles
 f - 14 rations


   Skills:
 + Level 7.0 Fighting
 + Level 12.8 Axes
 + Level 0.1(6.9) Polearms
 + Level 2.1 Throwing
 * Level 9.6 Armour
 - Level 2.4 Dodging
 - Level 0.2 Stealth


You had 9 spell levels left.
You didn't know any spells.
Your spell library contained the following spells:

 Spells                   Type           Power        Failure   Level  Hunger
 Beastly Appendage        Tmut           #.....       100%        1    None
 Sticks to Snakes         Tmut           #.......     100%        2    None
 Spider Form              Tmut/Pois      #.........   100%        3    None
 Ice Form                 Ice/Tmut       #.......     100%        4    None
 Blade Hands              Tmut           #.........   100%        5    None


Dungeon Overview and Level Annotations

Branches:
Dungeon (7/15)             Temple (0/1) D:7

Altars:
Elyvilon
Gozag
Kikubaaqudgha
Makhleb
Qazlal
Trog

Annotations:
D:7 1 transporter, Grum


Innate Abilities, Weirdness & Mutations

You have very sharp teeth.
You have large cloven feet.
You are partially covered in molten scales. (AC +2)


Message History

The gnoll sergeant is lightly wounded.
* * * LOW HITPOINT WARNING * * *
You feel sick. The gnoll sergeant barely misses you.
The gnoll sergeant blocks your attack.
You kick the gnoll sergeant, but do no damage.
You bite the gnoll sergeant.
The gnoll sergeant is lightly wounded.
* * * LOW HITPOINT WARNING * * *
You feel sick.
The gnoll sergeant completely misses you.
The gnoll sergeant blocks your attack.
The gnoll sergeant is lightly wounded.
* * * LOW HITPOINT WARNING * * *
You feel sick.
You hit the gnoll sergeant but do no damage.
The gnoll sergeant is lightly wounded.
* * * LOW HITPOINT WARNING * * *
You feel sick.
The gnoll sergeant hits you with a +0 trident of venom!
You die...

################
#########............##.
#....................#..
#.≈≈≈≈≈≈≈≈≈≈≈≈≈≈≈≈≈.....
#.≈≈≈≈≈≈≈≈≈≈≈≈≈≈≈≈≈....>
##.≈≈####.....####≈≈.....
#..≈≈#..#8###8#..#≈≈.....
#..≈≈#..###.###..#≈≈.....
#..≈≈#.)@........#≈≈.....
#..≈≈###g##'##.###≈≈.....
#..≈≈..#g#..$#.#..≈≈.....
#..≈≈.##g#...#.##.≈≈.....
#..≈≈.#..#.:.#g©#.≈≈.....
#..≈≈.##)#####.##.≈≈.....
#..≈≈..#)#8⌠8#.#.........
#..≈≈.©#.'.ggg.#©........
#..≈≈..#g#.$.#.#.........


You could see a gnoll sergeant and 2 gnolls.

Vanquished Creatures
  The ghost of paps the Covert, a novice OpMo of Okawaru (D:7)
  A hornet (D:7)
  Sigmund (D:2)
  Duvessa (D:5)
  An ice beast (D:5)
  2 black bears
  3 ogres
  A sky beast (D:7)
  3 eyes of draining (D:4)
  2 centaurs (D:6)
  4 wolves (D:7)
  3 bullfrogs
  A gnoll sergeant (D:7)
  Dowan (D:5)
  7 wights (D:7)
  A howler monkey (D:5)
  A crimson imp (D:5)
  3 hounds
  A centaur zombie (D:5)
  A jelly (D:7)
  An orc priest (D:7)
  Crazy Yiuf (D:5)
  3 orc wizards
  Jessica (D:2)
  Terence (D:3)
  An iguana (D:6)
  2 worker ants (D:4)
  A hound skeleton (D:5)
  A worker ant zombie (D:5)
  12 gnolls
  12 adders
  2 oozes
  An adder zombie (D:7)
  5 dart slugs
  3 leopard geckos
  15 orcs
  6 giant cockroaches
  4 goblins
  7 hobgoblins
  11 jackals
  4 quokkas
  2 ball pythons (D:2)
  3 bats
  7 frilled lizards
  2 jackal skeletons
  5 kobolds
  A quokka skeleton (D:5)
  4 rats
157 creatures vanquished.

Vanquished Creatures (others)
  A bush (D:6)
  6 plants (D:7)
7 creatures vanquished.

Grand Total: 164 creatures vanquished

Notes
Turn   | Place    | Note
-------+----------+-------------------------------------------
     0 | D:1      | KiliKikkendorf the Hill Orc Gladiator began the quest for
                  | the Orb.
     0 | D:1      | Reached XP level 1. HP: 18/18 MP: 1/1
   189 | D:1      | Reached XP level 2. HP: 24/25 MP: 2/2
   692 | D:2      | Noticed Sigmund
   712 | D:2      | Killed Sigmund
   712 | D:2      | Reached skill level 6 in Axes
   712 | D:2      | Reached skill level 1 in Armour
   712 | D:2      | Reached XP level 3. HP: 7/31 MP: 3/3
   712 | D:2      | Reached XP level 4. HP: 9/38 MP: 4/4
   712 | D:2      | Reached XP level 5. HP: 11/45 MP: 5/5
  1230 | D:2      | Noticed Jessica
  1250 | D:2      | Killed Jessica
  1250 | D:2      | Reached skill level 7 in Axes
  1280 | D:2      | Reached XP level 6. HP: 37/52 MP: 6/6
  1958 | D:3      | Noticed Terence
  1970 | D:3      | Killed Terence
  2133 | D:3      | Reached skill level 8 in Axes
  2135 | D:3      | Reached XP level 7. HP: 36/59 MP: 7/7
  2368 | D:4      | Found a stormy altar of Qazlal.
  2376 | D:4      | Became a worshipper of Qazlal Stormbringer
  2504 | D:4      | Found an opulent altar of Gozag.
  3094 | D:4      | Reached * piety under Qazlal
  3106 | D:4      | Reached skill level 9 in Axes
  3114 | D:4      | Reached XP level 8. HP: 67/67 MP: 1/8
  3121 | D:4      | Reached skill level 5 in Armour
  3124 | D:4      | Found a bloodstained altar of Trog.
  3169 | D:5      | Entered Level 5 of the Dungeon
  3189 | D:5      | Noticed Dowan
  3191 | D:5      | Noticed Duvessa
  3244 | D:5      | Killed Duvessa
  3259 | D:5      | Killed Dowan
  3366 | D:5      | Found a burning altar of Makhleb.
  3367 | D:5      | Found a white marble altar of Elyvilon.
  3381 | D:5      | Reached skill level 10 in Axes
  3412 | D:5      | Found an ancient bone altar of Kikubaaqudgha.
  3430 | D:5      | Reached skill level 5 in Fighting
  3882 | D:5      | Found a runed translucent door.
  3893 | D:5      | Noticed Crazy Yiuf
  4558 | D:5      | Killed Crazy Yiuf
  4695 | D:6      | Reached skill level 11 in Axes
  4792 | D:6      | Reached XP level 9. HP: 73/74 MP: 6/9
  5045 | D:6      | Reached ** piety under Qazlal
  5454 | D:7      | Found a staircase to the Ecumenical Temple.
  5459 | D:7      | Noticed a hornet
  5468 | D:7      | Paralysed by a hornet for 3 turns
  5475 | D:7      | Killed a hornet
  6167 | D:7      | Found an opulent altar of Gozag.
  6172 | D:7      | Reached skill level 12 in Axes
  6212 | D:7      | Found a transporter.
  6216 | D:7      | Found a transporter.
  6219 | D:7      | Noticed paps's ghost (novice OpMo)
  6355 | D:7      | Identified the amulet of Eternal Harmony {Spirit rF+ rC+
                  | Int+3}
  6357 | D:7      | Noticed Grum
  6434 | D:7      | Identified the cursed +0 ring mail of the Devil's Team
                  | {+Blink rCorr Str-5}
  6434 | D:7      | Identified the +5 kite shield "Xinairat" {rN+}
  6706 | D:7      | Gained mutation: You have large cloven feet. [potion of
                  | mutation]
  6706 | D:7      | Gained mutation: You have very sharp teeth. [potion of
                  | mutation]
  6706 | D:7      | Gained mutation: You are partially covered in molten
                  | scales. (AC +2) [potion of mutation]
  6711 | D:7      | Reached XP level 10. HP: 12/84 MP: 6/10
  6714 | D:7      | Killed paps's ghost
  6746 | D:7      | HP: 4/86 [poisoned by a gnoll sergeant]
  6746 | D:7      | Slain by a gnoll sergeant

Levels and vault maps discovered:
D:1:      minmay_arrival_nine_rooms, layout_rooms
D:2:      layout_loops_ring, grunt_ministairs_12, uniq_jessica, uniq_sigmund
D:3:      layout_basic, first_ration, uniq_terence
D:4:      layout_basic, lemuel_round_altar, trog_eyes_of_draining,
          lemuel_round_altar, serial_glass, glass_columns_b, glass_columns_b
D:5:      layout_basic, grunt_temple_overflow_open, serial_rivers,
          chequers_serial_rivers_marsh, chequers_serial_rivers_small_a,
          chequers_serial_rivers_large_a, chequers_serial_rivers_room_a,
          uniq_duvessa, uniq_crazy_yiuf_cottage
D:6:      layout_loops_ring, kb_lookout_dungeons_type
D:7:      layout_rooms, minmay_temple_entry_large_hall,
          gammafunk_ghost_gnarly_gnolls, nicolae_ossuary_entry_plus,
          nicolae_gozag_seed_capital

Skill      XL: |  1  2  3  4  5  6  7  8  9 10 |
---------------+-------------------------------+-----
Fighting       | 3 4 5 6 7 |  7.0
Axes           | 6 7 8 9 11 12 | 12.8
Throwing       | 2 |  2.1
Armour         | 1 2 3 4 6 9 |  9.6
Polearms       | |  0.1
Dodging        | |  2.4
Stealth        | |  0.2

Action                   |  1- 3 |  4- 6 |  7- 9 | 10-12 || total
-------------------------+-------+-------+-------+-------++-------
Melee: War axe           |    44 |   151 |   409 |     7 ||   611
       Halberd           |       |       |       |    10 ||    10
       Bite              |       |       |       |     5 ||     5
       Kick              |       |       |       |     2 ||     2
Evoke: Wand              |       |       |     1 |       ||     1
  Use: Scroll            |     5 |     2 |     7 |     1 ||    15
       Potion            |     2 |     1 |    12 |     1 ||    16
 Stab: Invisible         |       |     2 |       |       ||     2
  Eat: Chunk             |       |     3 |     7 |       ||    10
       Ration            |       |       |     3 |       ||     3
Armor: Leather armour    |     2 |       |       |       ||     2
       Plate armour      |    13 |   109 |   291 |     8 ||   421
Dodge: Dodged            |    10 |    58 |   108 |     6 ||   182
Block: Other             |       |       |    23 |     2 ||    25

Table legend:
 A = Non-vault XP
 B = Vault XP
 C = Vault XP percentage of total XP
 D = Non-vault monster count
 E = Vault monster count
 F = Vault count percentage of total count
                 A         B        C        D         E       F
            +---------+---------+-------+---------+---------+-------
      Total |    3028 |    2421 |  44.4 |     134 |      23 |  14.6
            +---------+---------+-------+---------+---------+-------
        D:1 |      25 |       0 |   0.0 |      12 |       0 |   0.0
        D:2 |      70 |     270 |  79.4 |      15 |       3 |  16.7
        D:3 |     229 |      36 |  13.6 |      33 |       1 |   2.9
        D:4 |     302 |     390 |  56.4 |      21 |       5 |  19.2
        D:5 |     682 |     268 |  28.2 |      21 |       3 |  12.5
        D:6 |     310 |     115 |  27.1 |      10 |       1 |   9.1
        D:7 |    1410 |    1342 |  48.8 |      22 |      10 |  31.2
            +---------+---------+-------+---------+---------+-------
